 Dungeon Crawl Stone Soup version 0.30.1-11-g7821555f0a (webtiles) character file.

Game seed: 2154159063295794217

4 Amplified the Caller (level 1, 0/13 HPs)
             Began as a Gnoll Summoner on Nov 9, 2023.
             Slain by a goblin
             ... wielding a +0 dagger
              (2 damage)
             ... on level 1 of the Dungeon.
             The game lasted 00:00:19 (56 turns).

Amplified the Caller (Gnoll Summoner)                 Turns: 56, Time: 00:00:20

Health: 0/13       AC:  2    Str:  7    XL:     1   Next: 60%
Magic:  4/6        EV: 13    Int: 14    God:
Gold:   0          SH:  0    Dex: 12    Spells: 8/9 levels left

rFire   . . .        (no weapon)
rCold   . . .        (no shield)
rNeg    . . .        a - +0 robe
rPois   .            (no helmet)
rElec   .            (no cloak)
rCorr   .            (no gloves)
SInv    .            (no boots)
Will    .....        (no amulet)
Stlth   ++           (no ring)
HPRegen 0.22/turn    (no ring)
MPRegen 0.10/turn

%: no passive effects
@: no status effects
A: fangs 1, strong nose, distributed training
a: no special abilities


You were on level 1 of the Dungeon.
You visited 1 branch of the dungeon, and saw 1 of its levels.

Inventory:

Armour
 a - a +0 robe (worn)
Potions
 b - a potion of magic


   Skills:
 + Level 0.1 Fighting
 + Level 0.1 Short Blades
 + Level 0.1 Long Blades
 + Level 0.1 Axes
 + Level 0.1 Maces & Flails
 + Level 0.1 Polearms
 + Level 0.1 Staves
 + Level 0.1 Ranged Weapons
 + Level 0.1 Throwing
 + Level 0.1 Armour
 + Level 4.4 Dodging
 + Level 4.0 Stealth
 + Level 0.1 Shields
 + Level 0.1 Unarmed Combat
 + Level 4.9 Spellcasting
 + Level 0.1 Conjurations
 + Level 0.1 Hexes
 + Level 7.0 Summonings
 + Level 0.1 Necromancy
 + Level 0.1 Translocations
 + Level 0.1 Transmutations
 + Level 0.1 Fire Magic
 + Level 0.1 Ice Magic
 + Level 0.1 Air Magic
 + Level 0.1 Earth Magic
 + Level 0.1 Poison Magic
 + Level 0.2 Invocations
 + Level 0.1 Evocations


You had 8 spell levels left.
You knew the following spells:

 Your Spells              Type           Power      Damage    Failure   Level
a - Summon Small Mammal   Summ           92%        N/A       1%          1

Your spell library contained the following spells:

 Spells                   Type           Power      Damage    Failure   Level
 Call Imp                 Summ           46%        N/A       1%          2
 Call Canine Familiar     Summ           23%        N/A       3%          3
 Summon Guardian Golem    Hex/Summ       13%        N/A       12%         3
 Summon Lightning Spire   Summ/Air       13%        N/A       38%         4


Dungeon Overview and Level Annotations

Branches:
Dungeon (1/15)

Altars:


Innate Abilities, Weirdness & Mutations

You have very sharp teeth.
Your uncanny sense of smell can sniff out nearby items.
Your experience applies equally to all skills.


Message History

Your quokka's corpse disappears in a puff of smoke!
Your quokka barely misses the frilled lizard.
The frilled lizard misses you. The goblin closely misses you.
The kobold barely misses you.
You hit the frilled lizard. Your bite misses the frilled lizard.
The frilled lizard is heavily wounded.
Your quokka misses the frilled lizard. The frilled lizard barely misses you.
The goblin misses you. The kobold misses you.
You barely miss the frilled lizard.
Your quokka bites the frilled lizard.
The frilled lizard bites your quokka.
Your quokka bites the frilled lizard.
The frilled lizard dies!
The goblin hits you with a +0 dagger. The kobold closely misses you.
The kobold attacks as you move away! The kobold barely misses you.
The goblin attacks as you move away! The goblin hits you with a +0 dagger.
Your quokka closely misses the goblin.
You are too injured to fight recklessly!
You are too injured to fight recklessly!
You are too injured to fight recklessly!
You are too injured to fight recklessly!
You are too injured to fight recklessly!
You are too injured to fight recklessly!
You closely miss the goblin.
Your quokka bites the goblin.
The goblin hits you with a +0 dagger.
Casting: Summon Small Mammal (safe; 1% risk of failure)
Confirm with . or Enter, or press ? or * to list all spells.
Your quokka misses the goblin. The goblin hits you with a +0 dagger.
* * * LOW HITPOINT WARNING * * *
Unknown command.
Unknown command.
Your quokka bites the goblin.
Okay, then.
Okay, then.
You aren't carrying any items that you can evoke.
Unknown command.
As you read the scroll labelled EKHODIZXUKI, it crumbles to dust.
It is a scroll of brand weapon.
You aren't carrying any weapons that can be branded.
Your quokka misses the goblin.
Your quokka barely misses the goblin.
The goblin hits you with a +0 dagger.
You die...

∆ ..?.........#####8<8## .
#...........##........
S#.##...........#8........
...#............#...8...8.
#.........!.....#8........
..........!.....##........
..#....K#.### #........
.......rg...### #####'###
#.#....r.@....# ####.#.##
#.........#.###.......#
#........†#...........#
#.........#####.......#
#.........# #.......#
#.........# #.......#
#....?....# #.......#
########### #.......#
#.......#


You could see a goblin (ally target), a kobold and 2 friendly quokkas.

Vanquished Creatures
  A ball python (D:1)
  A frilled lizard (D:1)
2 creatures vanquished.

Vanquished Creatures (collateral kills)
  A giant cockroach (D:1)
  A frilled lizard (D:1)
2 creatures vanquished.

Grand Total: 4 creatures vanquished

Notes
Turn   | Place    | Note
-------+----------+-------------------------------------------
     0 | D:1      | Amplified the Gnoll Summoner began the quest for the Orb.
     0 | D:1      | Reached XP level 1. HP: 13/13 MP: 6/6
    56 | D:1      | Slain by a goblin

Illustrated notes

Levels and vault maps discovered:
D:1:      mrwooster_arrival_statue_3, layout_rooms

Action                     || total
---------------------------++-------
  Melee: Unarmed           ||    17
         Bite              ||     1
   Cast: Summon Small Mamm ||     4
    Use: Scroll            ||     1
   Stab: Sleeping          ||     2
 Armour: Robe              ||     1
  Dodge: Dodged            ||    27
